 Dungeon Sprint DCSS version 0.29.1-2-gbd0b4ee654 (webtiles) character file.

Game seed: 4183624329686742863

37902 Groucho the Tortoise (level 13, -1/136 HPs)
             Began as a Minotaur Fighter on Nov 16, 2022.
             Was the Champion of Cheibriados.
             Killed from afar by a fire giant (25 damage)
             ... with a bolt of fire
             ... in the Dungeon (Sprint V: "Ziggurat Sprint").
             The game lasted 00:15:14 (3489 turns).

Groucho the Tortoise (Minotaur Fighter)             Turns: 3489, Time: 00:15:15

Health: -1/136     AC: 34    Str: 38    XL:     13   Next: 60%
Magic:  6/24       EV: 18    Int: 20    God:    Cheibriados [******]
Gold:   0          SH: 36    Dex: 34    Spells: 15/15 levels left

rFire   . . .      SeeInvis +   b - +14 obsidian axe {vorpal, Mesm Drain Fly SInv}
rCold   . . .      Faith    .   k - +18 shield of the Gong {rElec rN+ Will+ EV-5}
rNeg    + + .      Spirit   .   c - +15 Maxwell's patent armour {-Cast -Tele rElec Will+ rCorr}
rPois   +          Reflect  .   (helmet restricted)
rElec   +          Harm     .   (no cloak)
rCorr   +          Rampage  .   (no gloves)
Will    ++...      NoTele   +   (no boots)
Stlth   .......... NoCast   +   G - amulet of the acrobat
HPRegen 0.32/turn               w - ring "Ziremuwe" {rN+ Dex+6 SInv}
MPRegen 0.19/turn               E - ring of Orar {rPois Slay+3 SInv}

@: flying, studying 2 skills, very slow
A: horns 2, retaliatory headbutt
a: Renounce Religion, Bend Time, Temporal Distortion, Slouch, Step From Time


You were in the Dungeon.
You worshipped Cheibriados.
Cheibriados was exalted by your worship.
You visited 1 branch

Inventory:

Hand Weapons
 b - the +14 obsidian axe (weapon) {vorpal, Mesm Drain Fly SInv}
   (You found it in the Dungeon)

   It inflicts extra damage upon your enemies.
   It occasionally summons demons to assist the wielder when it strikes in
   combat.
   Its wielder is mesmerised by any visible foes.
   It cannot be unequipped while any foes are visible.
   SInv:      It lets you see invisible.
   Fly:       It grants you flight.
   Drain:     It drains your maximum health when unequipped.
 m - the +8 autumn katana {vorpal, manifold assault}
   (You found it in the Dungeon)

   It sometimes launches melee attacks against multiple visible enemies.
 D - a +5 hand crossbow
 J - the +7 sceptre of Torment {pain, torment}
   (You found it in the Dungeon)

   In the hands of one skilled in necromantic magic, it inflicts extra damage on
   living creatures.
   It occasionally torments all nearby living foes when it strikes in combat.
Missiles
 M - 3 throwing nets (quivered)
 N - a boomerang
Armour
 a - +5 gold dragon scales
 c - the +15 Maxwell's patent armour (worn) {-Cast -Tele rElec Will+ rCorr}
   (You found it in the Dungeon)

   rElec:     It insulates you from electricity.
   -Cast:     It prevents spellcasting.
   -Tele:     It prevents most forms of teleportation.
   rCorr:     It protects you from acid and corrosion.
   Will:      It increases your willpower.
 k - the +18 shield of the Gong (worn) {rElec rN+ Will+ EV-5}
   (You found it in the Dungeon)

   It is deafeningly noisy when blocking attacks.
   EV:        It affects your evasion (-5).
   rElec:     It insulates you from electricity.
   rN:        It protects you from negative energy.
   Will:      It increases your willpower.
Jewellery
 l - a ring of flight
 n - a +6 ring of dexterity
 o - a +6 ring of intelligence
 p - a +6 ring of intelligence
 q - a +6 ring of strength
 r - a +6 ring of strength
 w - the ring "Ziremuwe" (left hand) {rN+ Dex+6 SInv}
   (You found it in the Dungeon)

   [ring of positive energy]

   Dex:       It affects your dexterity (+6).
   rN:        It protects you from negative energy.
   SInv:      It lets you see invisible.
 E - the ring of Orar (right hand) {rPois Slay+3 SInv}
   (You found it in the Dungeon)

   [ring of poison resistance]

   Slay:      It affects your accuracy & damage with ranged weapons and melee
   (+3).
   rPois:     It protects you from poison.
   SInv:      It lets you see invisible.
 F - a ring of magical power
 G - an amulet of the acrobat (around neck)
 L - the ring of the Squeaky Pear {Ice rPois Str-2 Int-2 Slay+5}
   (You found it in the Dungeon)

   [ring of ice]

   It enhances your ice magic.
   Str:       It affects your strength (-2).
   Int:       It affects your intelligence (-2).
   Slay:      It affects your accuracy & damage with ranged weapons and melee
   (+5).
   rF:        It makes you vulnerable to fire.
   rC:        It protects you from cold.
   rPois:     It protects you from poison.
Wands
 s - a wand of mindburst (7)
 t - a wand of iceblast (20)
 u - a wand of light (4)
 I - a wand of digging (9)
Scrolls
 j - 4 scrolls of blinking
 y - 4 scrolls of amnesia
 A - 7 scrolls of butterflies
 B - 5 scrolls of identify
 C - 2 scrolls of fear
 K - 2 scrolls of brand weapon
Potions
 d - 6 potions of might
 e - 10 potions of curing
 f - 8 potions of heal wounds
 g - 10 potions of haste
 h - 6 potions of magic
 i - 3 potions of berserk rage
 v - 2 potions of brilliance
 x - 4 potions of resistance
 z - a potion of experience
 H - a potion of flight {unknown}


   Skills:
 + Level 18.5 Fighting
 - Level 18.0 Axes
 * Level 20.3 Armour
 * Level 13.9 Dodging
 * Level 15.5 Shields
 + Level 13.6 Unarmed Combat
 * Level 1.9 Spellcasting
 - Level 17.2 Invocations


You had 15 spell levels left.
You didn't know any spells.
Your spell library contained the following spells:

 Spells                   Type           Power      Damage    Failure   Level
 Apportation              Tloc           2%         N/A       65%         1
 Foxfire                  Conj/Fire      4%         2x1d4     65%         1
 Freeze                   Ice            4%         1d3       65%         1
 Magic Dart               Conj           4%         1d3       65%         1
 Call Imp                 Summ           1%         N/A       78%         2
 Passwall                 Tmut/Erth      0%         N/A       78%         2
 Conjure Flame            Conj/Fire      1%         6-21      95%         3
 Frozen Ramparts          Ice            2%         1d1       95%         3
 Gell's Gravitas          Tloc           1%         N/A       95%         3
 Lesser Beckoning         Tloc           1%         N/A       95%         3
 Mephitic Cloud           Conj/Pois/Air  1%         N/A       95%         3
 Ozocubu's Armour         Ice            1%         N/A       95%         3
 Portal Projectile        Hex/Tloc       2%         N/A       95%         3
 Stone Arrow              Conj/Erth      2%         3d7       95%         3
 Summon Guardian Golem    Hex/Summ       1%         N/A       95%         3
 Teleport Other           Tloc           1%         N/A       95%         3
 Tukima's Dance           Hex            1%         N/A       95%         3
 Cause Fear               Hex            0%         N/A       100%        4
 Flame Wave               Conj/Fire      1%         2d4       100%        4
 Hailstorm                Conj/Ice       1%         3d3       100%        4
 Petrify                  Tmut/Erth      1%         N/A       100%        4
 Alistair's Intoxication  Tmut/Pois      0%         N/A       100%        5
 Blade Hands              Tmut           0%         N/A       100%        5
 Fireball                 Conj/Fire      0%         3d3       100%        5
 Lee's Rapid Deconstruct  Erth           0%         3d5*      100%        5
 Summon Forest            Summ/Tloc      0%         N/A       100%        5
 Summon Mana Viper        Hex/Summ       1%         N/A       100%        5
 Dispersal                Tloc           0%         N/A       100%        6
 Summon Cactus Giant      Summ           0%         N/A       100%        6
 Dragon Form              Tmut           0%         N/A       100%        7
 Malign Gateway           Summ/Tloc      0%         N/A       100%        7
 Ozocubu's Refrigeration  Ice            0%         4d7       100%        7
 Lehudib's Crystal Spear  Conj/Erth      0%         10d2      100%        8
 Chain Lightning          Conj/Air       0%         2d1       100%        9
 Fire Storm               Conj/Fire      0%         6d1       100%        9
 Shatter                  Erth           0%         3d5*      100%        9


Dungeon Overview and Level Annotations

Branches:
Dungeon (1/1)

Altars:
Ashenzari
Cheibriados
Dithmenos
Elyvilon
Fedhas
Gozag
Hepliaklqana
Kikubaaqudgha
Makhleb
Nemelex Xobeh
Okawaru
Qazlal
Ru
Sif Muna
Trog
Uskayaw
Vehumet
Wu Jian
Xom
Yredelemnul
Zin
The Shining One
Jiyva
Lugonu


Innate Abilities, Weirdness & Mutations

You have a pair of horns on your head.
You reflexively headbutt those who attack you in melee.


Message History

You headbutt the fire giant! The fire dragon bites you.
The fire dragon claws you but does no damage.
The fire dragon tramples you but does no damage.
You feel much better. You block the fire giant's attack.
GONNNNG!
You block the fire dragon's attack.
BOUMMMMG!
You block the fire dragon's attack.
GONNNNG!
The fire dragon tramples you but does no damage.
The fire giant gestures at you while chanting.
The bolt of fire hits the fire dragon!
The fire dragon resists.
The bolt of fire hits you!!
* * * LOW HITPOINT WARNING * * *
The fire dragon misses you. You furiously retaliate!
You headbutt the fire dragon!
You break out of your daze!
You kill the fire dragon!
Cheibriados appreciates the change of pace.
The fire dragon breathes flames at you. The blast of flame hits you!
* * * LOW HITPOINT WARNING * * *
Unknown command.
You feel much better.
Visions of slaying the fire dragon flood into your mind.
You block the fire dragon's attack.
SHROANNG!
You block the fire dragon's attack.
PTOANNNG!
The fire dragon barely misses you. The fire giant casts a spell at you.
The bolt of fire hits the fire dragon.
The fire dragon resists.
The bolt of fire hits you!!
* * * LOW HITPOINT WARNING * * *
The fire giant gestures at you while chanting.
The bolt of fire hits the fire dragon!
The fire dragon resists.
You are no longer entranced.
The fire dragon dies!
The bolt of fire hits you!!
You die...

▓...........▓
|)})|)?[)..▓.....).....▓
............▓...))......▓
......†..)...▓....)))....▓
▓.............▓..▓)))..▓..▓
▓..........†..▓.▓.▓)..▓.▓.▓
▓.........CC..▓..▓.....▓..▓
▓.......CC[DD.▓.....©.....▓
▓..▓.....†@▓..▓▓▓▓▓▓▓▓▓▓▓▓▓
▓.............▓....8©8....▓
▓.............▓..})}.||...▓
▓......©......▓...)[.|)...▓
▓▓▓▓▓▓▓▓▓▓▓▓▓▓▓..)...)....▓
▓....).)....▓ ▓.....)..)..▓
▓....)))....▓ ▓...........▓


You could see 4 fire giants and 2 fire dragons.

Vanquished Creatures
  4 deep elf blademasters (D)
  Agnes (D)
  Donald (D)
  Louise (D)
  An angel (D)
  2 ophanim (D)
  A stone giant (D)
  A deep elf annihilator (D)
  5 merfolk impalers (D)
  A fire dragon (D)
  2 deep elf high priests (D)
  A yaktaur captain (D)
  Erolcha (D)
  3 merfolk aquamancers (D)
  4 centaur warriors (D)
  2 dancing weapons (D)
  A hell hog (D)
  2 orc high priests (D)
  A harpy (D)
  3 orc knights (D)
  2 deep elf zephyrmancers (D)
  A manticore (D)
  5 cyclopes (D)
  3 draconians (D)
  Joseph (D)
  Maurice (D)
  2 black mambas (D)
  A water nymph (D)
  A cane toad (D)
  2 yaktaurs (D)
  A komodo dragon (D)
  A rime drake (D)
  An efreet (D)
  3 merfolk (D)
  2 trolls (D)
  A wind drake (D)
  A snapping turtle (D)
  5 air elementals (D)
  A wyvern (D)
  3 fire elementals (D)
  2 steam dragons (D)
  Menkaure (D)
  A naga (D)
  A water moccasin (D)
  2 hell hounds (D)
  4 orc warriors (D)
  2 swamp drakes (D)
  3 ogres (D)
  A wolf (D)
  6 centaurs (D)
  A bullfrog (D)
  An earth elemental (D)
  Dowan (D)
  4 jellies (D)
  2 iguanas (D)
  Ijyb (D)
  Terence (D)
  3 mummies (D)
  An adder (D)
  2 river rats (D)
  2 ball pythons (D)
  An endoplasm (D)
  A jackal (D)
  A quokka zombie (D)
  2 fire vortices (D)
123 creatures vanquished.

Vanquished Creatures (collateral kills)
  A draconian (D)
  2 yaks (D)
  A basilisk (D)
  A naga (D)
  A water moccasin (D)
  A river rat (D)
7 creatures vanquished.

Vanquished Creatures (others)
  2 fire dragons (D)
2 creatures vanquished.

Grand Total: 132 creatures vanquished

Notes
Turn   | Place    | Note
-------+----------+-------------------------------------------
     0 | D        | Groucho the Minotaur Fighter began the quest for the Orb.
     0 | D        | Reached XP level 1. HP: 19/19 MP: 0/0
    18 | D        | Found a shimmering blue altar of Sif Muna.
    18 | D        | Found a bloodstained altar of Trog.
    18 | D        | Found a sacrificial altar of Ru.
    18 | D        | Found a stormy altar of Qazlal.
    18 | D        | Found an iron altar of Okawaru.
    21 | D        | Found a sparkling altar of Nemelex Xobeh.
    21 | D        | Found the +6 Majin-Bo {vamp, MP+6 Int+6}
    21 | D        | Found the +9 heavy crossbow "Sniper" {vorpal, Acc+∞ SInv}
    21 | D        | Found the +10 dark maul {vorpal}
    21 | D        | Found the +15 Maxwell's patent armour {-Cast -Tele rElec
                  | Will+ rCorr}
    21 | D        | Found the +18 shield of the Gong {rElec rN+ Will+ EV-5}
    21 | D        | Found the +14 obsidian axe {vorpal, Mesm Drain Fly SInv}
    21 | D        | Found the +7 great mace "Firestarter" {inner flame, rF++}
    21 | D        | Found the +6 shillelagh "Devastator" {shatter}
    21 | D        | Found the +11 plutonium sword {Contam Stlth-}
    21 | D        | Found the +8 lance "Wyrmbane" {slay drac, rPois rF+ rC+
                  | AC+3}
    21 | D        | Found the +9 sword of Zonguldrok {reap}
    21 | D        | Found the +13 scythe of Curses {drain, Drain}
    21 | D        | Found the +5 sword of Power {vorpal}
    21 | D        | Found the +7 mace of Variability {chain chaos}
    21 | D        | Found the +7 Singing Sword {vorpal, sonic wave}
    21 | D        | Found the +8 storm bow {elec, penet}
    22 | D        | Found an ancient bone altar of Kikubaaqudgha.
    22 | D        | Found a corrupted altar of Lugonu.
    22 | D        | Found a transporter.
    22 | D        | Found a burning altar of Makhleb.
    22 | D        | Found a viscous altar of Jiyva.
    22 | D        | Found a hazy altar of Hepliaklqana.
    57 | D        | Found a blossoming altar of Fedhas.
    59 | D        | Found an opulent altar of Gozag.
    75 | D        | Became a worshipper of Cheibriados the Contemplative
    91 | D        | Entered arena 2.
    91 | D        | Found a transporter.
    94 | D        | Reached skill level 4 in Armour
    94 | D        | Reached skill level 1 in Dodging
    94 | D        | Reached skill level 1 in Unarmed Combat
    94 | D        | Reached skill level 1 in Invocations
    94 | D        | Reached XP level 2. HP: 25/27 MP: 0/2
    94 | D        | Reached * piety under Cheibriados
   100 | D        | Entered arena 3.
   100 | D        | Noticed a yak
   100 | D        | Found a transporter.
   103 | D        | Killed a yak
   104 | D        | Reached skill level 5 in Fighting
   104 | D        | Reached skill level 5 in Armour
   104 | D        | Reached skill level 5 in Shields
   104 | D        | Reached skill level 5 in Invocations
   104 | D        | Reached XP level 3. HP: 35/36 MP: 1/5
   104 | D        | Reached XP level 4. HP: 41/42 MP: 1/6
   104 | D        | Reached XP level 5. HP: 47/48 MP: 1/7
   104 | D        | Reached ** piety under Cheibriados
   107 | D        | Reached skill level 5 in Axes
   420 | D        | Entered arena 4.
   420 | D        | Found a transporter.
   427 | D        | Reached skill level 6 in Armour
   533 | D        | Entered arena 5.
   533 | D        | Noticed a draconian
   533 | D        | Noticed a draconian
   533 | D        | Noticed a draconian
   533 | D        | Noticed a draconian
   533 | D        | Found a transporter.
   540 | D        | Killed a draconian
   540 | D        | Reached *** piety under Cheibriados
   541 | D        | Reached skill level 8 in Armour
   541 | D        | Reached skill level 5 in Dodging
   541 | D        | Reached skill level 5 in Unarmed Combat
   541 | D        | Reached XP level 6. HP: 36/60 MP: 8/10
   541 | D        | Reached XP level 7. HP: 40/66 MP: 8/11
   542 | D        | Killed a draconian
   542 | D        | Killed a draconian
   542 | D        | Reached **** piety under Cheibriados
   543 | D        | Reached skill level 10 in Armour
   543 | D        | Reached XP level 8. HP: 46/74 MP: 8/13
   543 | D        | Killed a draconian
   544 | D        | Reached skill level 10 in Axes
   836 | D        | Got the amulet "Ceofor" {Spirit -Tele Harm Regen+}
   839 | D        | Acquired a manual of Fighting
   844 | D        | Entered arena 6.
   844 | D        | Found a transporter.
   846 | D        | Reached ***** piety under Cheibriados
   853 | D        | Got the Omnibus of Hyperbolic Terra Firma
  1022 | D        | Entered arena 7.
  1022 | D        | Noticed a wind drake
  1022 | D        | Noticed an air elemental
  1022 | D        | Noticed an air elemental
  1022 | D        | Noticed an air elemental
  1022 | D        | Noticed an air elemental
  1022 | D        | Noticed an air elemental
  1022 | D        | Paralysed by an air elemental for 1 turns
  1023 | D        | Killed an air elemental
  1023 | D        | Killed an air elemental
  1023 | D        | Reached ****** piety under Cheibriados
  1023 | D        | Killed an air elemental
  1023 | D        | Killed an air elemental
  1023 | D        | Killed an air elemental
  1024 | D        | Reached skill level 11 in Armour
  1024 | D        | Reached skill level 10 in Invocations
  1024 | D        | Reached XP level 9. HP: 62/85 MP: 8/15
  1024 | D        | Found a transporter.
  1030 | D        | Killed a wind drake
  1031 | D        | Reached skill level 10 in Fighting
  1275 | D        | Got the ring of Orar {rPois Slay+3 SInv}
  1277 | D        | Got the ring "Asueled" {rF+ rCorr MP-9 Dex+7 Slay-3}
  1289 | D        | Entered arena 8.
  1289 | D        | Noticed a rime drake
  1293 | D        | Killed a rime drake
  1294 | D        | Reached skill level 12 in Armour
  1294 | D        | Found a transporter.
  1447 | D        | Entered arena 9.
  1447 | D        | Noticed a centaur warrior
  1447 | D        | Noticed a cyclops
  1447 | D        | Noticed a cyclops
  1447 | D        | Noticed a cyclops
  1449 | D        | Reached skill level 10 in Shields
  1449 | D        | Killed a centaur warrior
  1450 | D        | Reached XP level 10. HP: 96/96 MP: 6/17
  1451 | D        | Found a transporter.
  1455 | D        | Killed a cyclops
  1455 | D        | Killed a cyclops
  1456 | D        | Reached skill level 13 in Armour
  1456 | D        | Killed a cyclops
  1631 | D        | Got the amulet "Jumatul" {Spirit rN++ Int-2 Stlth+}
  1834 | D        | Entered arena 10.
  1834 | D        | Found the +8 autumn katana {vorpal, manifold assault}
  1834 | D        | Noticed a cane toad
  1835 | D        | Found a transporter.
  1841 | D        | Killed a cane toad
  1847 | D        | Got the ring "Ziremuwe" {rN+ Dex+6 SInv}
  1852 | D        | Got the amulet "Ycvekh" {RegenMP Drain rN+++ Int-5 Slay+5}
  1857 | D        | Entered arena 11.
  1857 | D        | Noticed a black mamba
  1857 | D        | Noticed a black mamba
  1858 | D        | Found a transporter.
  1859 | D        | Killed a black mamba
  1859 | D        | Killed a black mamba
  1860 | D        | Reached skill level 14 in Armour
  2067 | D        | Got the Anthology of Changed Allies
  2081 | D        | Entered arena 12.
  2081 | D        | Noticed an ophan
  2082 | D        | Noticed an ophan
  2082 | D        | Noticed an angel
  2086 | D        | Killed an angel
  2087 | D        | Reached XP level 11. HP: 107/107 MP: 3/19
  2088 | D        | Killed an ophan
  2089 | D        | Killed an ophan
  2090 | D        | Reached skill level 15 in Armour
  2090 | D        | Reached skill level 10 in Dodging
  2090 | D        | Reached skill level 10 in Unarmed Combat
  2337 | D        | Found a transporter.
  2346 | D        | Got the Vellum of the Gnat
  2360 | D        | Entered arena 13.
  2360 | D        | Noticed a centaur warrior
  2360 | D        | Noticed a stone giant
  2360 | D        | Noticed a centaur warrior
  2360 | D        | Noticed a yaktaur captain
  2360 | D        | Noticed a centaur warrior
  2361 | D        | Identified the +3 short sword of Wymewus {vorpal, +Blink
                  | rCorr Dex+3}
  2363 | D        | Killed a centaur warrior
  2363 | D        | Killed a centaur warrior
  2363 | D        | Killed a centaur warrior
  2364 | D        | Reached skill level 15 in Axes
  2366 | D        | Found a transporter.
  2367 | D        | Killed a stone giant
  2369 | D        | Killed a yaktaur captain
  2370 | D        | Reached skill level 15 in Fighting
  2370 | D        | Reached skill level 16 in Armour
  2544 | D        | Entered arena 14.
  2545 | D        | Noticed Menkaure
  2545 | D        | Noticed Joseph
  2545 | D        | Noticed Louise
  2545 | D        | Noticed Donald
  2545 | D        | Found the +5 demon whip "Spellbinder" {antimagic, Will+}
  2545 | D        | Noticed Terence
  2545 | D        | Noticed Erolcha
  2545 | D        | Noticed Maurice
  2545 | D        | Noticed Agnes
  2545 | D        | Noticed Dowan
  2546 | D        | Noticed Ijyb
  2547 | D        | Killed Terence
  2547 | D        | Killed Dowan
  2547 | D        | Killed Agnes
  2547 | D        | Killed Ijyb
  2547 | D        | Killed Maurice
  2548 | D        | Killed Donald
  2548 | D        | Killed Erolcha
  2548 | D        | Killed Joseph
  2548 | D        | Killed Menkaure
  2549 | D        | Reached XP level 12. HP: 46/121 MP: 10/21
  2549 | D        | Killed Louise
  2550 | D        | Found a transporter.
  2908 | D        | Entered arena 15.
  2909 | D        | Noticed an orc high priest
  2909 | D        | Noticed a deep elf high priest
  2909 | D        | Noticed a deep elf annihilator
  2909 | D        | Noticed a deep elf blademaster
  2909 | D        | Noticed a deep elf blademaster
  2909 | D        | Noticed a deep elf high priest
  2909 | D        | Noticed a deep elf blademaster
  2910 | D        | Noticed a deep elf blademaster
  2913 | D        | Killed a deep elf blademaster
  2913 | D        | Killed a deep elf blademaster
  2913 | D        | Killed a deep elf blademaster
  2913 | D        | Killed a deep elf blademaster
  2913 | D        | Killed an orc high priest
  2913 | D        | Killed a deep elf high priest
  2913 | D        | Killed a deep elf high priest
  2914 | D        | Reached skill level 18 in Armour
  2914 | D        | Reached skill level 15 in Invocations
  2916 | D        | Killed a deep elf annihilator
  2917 | D        | Found a transporter.
  3115 | D        | Got the Folio of Battle Magic
  3124 | D        | Got the Verses on Battle Magic and Interference
  3144 | D        | Entered arena 16.
  3145 | D        | Found the +7 sceptre of Torment {pain, torment}
  3145 | D        | Noticed an orc high priest
  3146 | D        | Found the +0 pair of fencer's gloves {Riposte Dex+3}
  3149 | D        | Killed an orc high priest
  3150 | D        | Reached XP level 13. HP: 134/134 MP: 7/24
  3152 | D        | Found a transporter.
  3286 | D        | Entered arena 17.
  3289 | D        | Noticed a merfolk impaler
  3289 | D        | Noticed a merfolk impaler
  3289 | D        | Noticed a merfolk impaler
  3290 | D        | Identified the +7 morningstar of Nel Qesh {vorpal, rF+ SInv
                  | Stlth+}
  3290 | D        | Noticed a merfolk impaler
  3290 | D        | Noticed a merfolk impaler
  3292 | D        | Reached skill level 19 in Armour
  3294 | D        | Killed a merfolk impaler
  3294 | D        | Killed a merfolk impaler
  3294 | D        | Killed a merfolk impaler
  3295 | D        | Reached skill level 15 in Shields
  3295 | D        | Killed a merfolk impaler
  3296 | D        | Found a transporter.
  3299 | D        | Killed a merfolk impaler
  3300 | D        | Reached skill level 20 in Armour
  3439 | D        | Got the ring of the Squeaky Pear {Ice rPois Str-2 Int-2
                  | Slay+5}
  3475 | D        | Entered arena 18.
  3478 | D        | Noticed a fire giant
  3478 | D        | Noticed a fire dragon
  3478 | D        | Noticed a fire dragon
  3478 | D        | Noticed a fire dragon
  3478 | D        | Noticed a fire giant
  3478 | D        | Noticed a fire dragon
  3478 | D        | Noticed a fire dragon
  3479 | D        | Noticed a fire giant
  3481 | D        | Noticed a fire giant
  3482 | D        | Reached skill level 1 in Spellcasting
  3484 | D        | HP: 6/136 [fire dragon/blast of flame (36)]
  3486 | D        | Killed a fire dragon
  3488 | D        | Killed a fire dragon
  3489 | D        | Killed a fire dragon
  3489 | D        | Killed from afar by a fire giant

Illustrated notes

Levels and vault maps discovered:
D:        sprint_v [room_start, room_1, room_2, room_3, room_4, room_5, room_6,
          room_7, room_8, room_9, room_10, room_11, room_12, room_13, room_14,
          room_15, room_16, room_17, room_18, room_19, room_20, room_21,
          room_22, room_23, room_24, room_25, room_26, room_27]

Skill      XL: |  1  2  3  4  5  6  7  8  9 10 11 12 13 |
---------------+----------------------------------------+-----
Fighting       | 4 5 7 8 9 11 13 15 17 18 | 18.5
Axes           | 3 4 7 9 11 12 14 16 18 | 18.0
Armour         | 4 5 8 10 11 12 14 16 18 20 | 20.3
Dodging        | 1 3 5 6 7 8 9 11 12 13 | 13.9
Shields        | 4 5 7 8 9 10 11 12 14 15 | 15.5
Unarmed Combat | 1 3 5 6 7 8 9 11 12 13 | 13.6
Invocations    | 1 5 7 8 10 11 12 14 16 17 | 17.2
Spellcasting   | 1 |  1.9

Action                   |  1- 3 |  4- 6 |  7- 9 | 10-12 | 13-15 || total
-------------------------+-------+-------+-------+-------+-------++-------
Melee: Broad axe         |     4 |    10 |     6 |    19 |     7 ||    46
       Headbutt          |     1 |     1 |       |     3 |     1 ||     6
Invok: Slouch            |       |       |     6 |    20 |     9 ||    35
Evoke: Wand              |       |     2 |       |     1 |       ||     3
  Use: Potion            |     1 |       |       |     2 |     6 ||     9
       Scroll            |       |       |     1 |       |       ||     1
 Stab: Invisible         |     1 |       |       |     5 |       ||     6
Armor: Plate armour      |     1 |     8 |     8 |     3 |     9 ||    29
Dodge: Dodged            |       |     1 |     3 |    15 |    13 ||    32
Block: Kite shield       |     6 |    12 |    11 |    40 |    39 ||   108
